 Dungeon Crawl Stone Soup version 0.21.1-1-g345015f (webtiles) character file.

123 Mgcat the Skirmisher (level 5, -7/34 HPs)
             Began as a Gargoyle Monk on Feb 11, 2018.
             Was a Believer of Vehumet.
             Killed by divine providence
             ... invoked by an orc priest
              (16 damage)
             ... on level 3 of the Dungeon.
             The game lasted 00:03:21 (1625 turns).

Mgcat the Skirmisher (Gargoyle Monk)                Turns: 1625, Time: 00:03:22

Health: -7/34      AC: 10    Str: 14    XL:     5   Next: 7%
Magic:  5/5        EV: 11    Int: 11    God:    Vehumet [**....]
Gold:   110        SH:  0    Dex: 13    Spells: 3/4 levels left

rFire    . . .     SeeInvis .   a - +0 mace
rCold    . . .     Gourm    .   (no shield)
rNeg     + . .     Faith    .   m - +0 ring mail
rPois    ∞         Spirit   .   (no helmet)
rElec    +         Reflect  .   f - +0 cloak (curse)
rCorr    .         Harm     .   (no gloves)
MR       .....                  (no boots)
Stlth    +.........             (no amulet)
HPRegen  0.11/turn              (no ring)
MPRegen  0.09/turn              (no ring)

@: no status effects
A: negative energy resistance 1, electricity resistance, unbreathing,
petrification resistance, rot immunity, AC +4
a: Renounce Religion


You were on level 3 of the Dungeon.
You worshipped Vehumet.
Vehumet was pleased with you.
You were hungry.

You visited 1 branch of the dungeon, and saw 3 of its levels.

You collected 110 gold pieces.

Inventory:

Hand Weapons
 a - a +0 mace (weapon)
Armour
 b - a +0 robe
 f - a cursed +0 cloak (worn)
   (You found it on level 1 of the Dungeon)
 m - a +0 ring mail (worn)
   (You found it on level 2 of the Dungeon)
Jewellery
 u - an uncursed ring of ice {unknown}
   (You found it on level 2 of the Dungeon)
Scrolls
 e - a scroll of teleportation {unknown}
 g - a scroll of fog {unknown}
 h - 2 scrolls of identify {unknown}
 i - a scroll of amnesia {unknown}
 j - a scroll of remove curse {unknown}
 l - a scroll of enchant weapon {unknown}
 p - a scroll of blinking {unknown}
 s - a scroll of random uselessness {unknown}
 t - a scroll of fear {unknown}
Potions
 k - a potion of cancellation {unknown}
 n - a potion of lignification {unknown}
 o - a potion of invisibility {unknown}
 q - a potion of degeneration {unknown}
 r - a potion of resistance {unknown}
Comestibles
 c - 4 rations


   Skills:
 - Level 4.9 Fighting
 - Level 4.4 Maces & Flails
 - Level 2.4 Dodging
 - Level 2.1 Stealth
 + Level 0.0 Spellcasting
 + Level 0.0 Ice Magic


You had 3 spell levels left.
You knew the following spells:

 Your Spells              Type           Power        Failure   Level  Hunger
a - Freeze                Ice            #...         58%         1    ##.....


Dungeon Overview and Level Annotations

Branches:
Dungeon (3/15)

Altars:
Vehumet


Innate Abilities, Weirdness & Mutations

You are resistant to torment.
Your stone body is resilient. (AC +4)
You are immune to poison.
You resist negative energy. (rN+)
You are resistant to electric shocks. (rElec)
You can survive without breathing.
You are immune to petrification.
You are immune to rotting.


Message History

The adder bites you.
You closely miss the adder. The adder bites you.
You hit the adder.
The adder is moderately wounded.
The adder bites you but does no damage. The adder barely misses you.
You hit the adder.
The adder is almost dead.
The adder bites you but does no damage.
You closely miss the adder.
The adder is almost dead.
The adder barely misses you. The adder bites you.
A rat comes into view.
You miss the adder.
The adder is almost dead.
The rat moves out of view.
The adder bites you but does no damage.
You hit the adder.
You kill the adder!
You have reached level 5!
You hit the hobgoblin.
The hobgoblin is severely wounded.
The hobgoblin hits you with a club.
You are too injured to fight recklessly!
You are too injured to fight recklessly!
You are too injured to fight recklessly!
You are too injured to fight recklessly!
You are too injured to fight recklessly!
You are too injured to fight recklessly!
You are too injured to fight recklessly!
You are too injured to fight recklessly!
You are too injured to fight recklessly!
You hit the hobgoblin.
You kill the hobgoblin!
You hit the kobold.
The kobold is moderately wounded.
You are feeling hungry.
The kobold closely misses you.
You miss the kobold.
The kobold is moderately wounded.
The kobold hits you but does no damage.
You sock the kobold!
You kill the kobold!
Found a stone staircase leading down.
Things that are here:
a short sword; a club; a kobold corpse
Things that are here:
a short sword; a club; a kobold corpse
Things that are here:
a short sword; a club; a kobold corpse You barely miss the rat.
The rat bites you but does no damage.
You closely miss the rat. The rat misses you.
You hit the rat.
The rat is moderately wounded.
The rat bites you but does no damage.
You hit the rat.
You kill the rat!
You now have 110 gold pieces (gained 9).
There is a radiant altar of Vehumet here.
You kneel at the altar of Vehumet.
Vehumet welcomes you!
You can now gain magical power from killing.
Vehumet offers you knowledge of Freeze.
Unknown command.
Press < or > to pray at altars.
Memorise Freeze, consuming 1 spell level and leaving 3?
Vehumet grants you knowledge of Freeze.
You start memorising the spell.
You continue memorising.
You finish memorising.
Spell assigned to 'a'.
Unknown command.
Press < or > to pray at altars.
HP restored.
A frilled lizard comes into view.
The frilled lizard hisses angrily.
The frilled lizard moves out of view.
The orc priest is too close now for your liking.
The orc priest shouts!
The frilled lizard closely misses you.
You sock the frilled lizard!
You kill the frilled lizard!
Vehumet accepts your kill.
You hit the orc priest but do no damage.
The orc priest hits you but does no damage.
Your ring mail prevents you from hitting the orc priest.
The orc priest hits you with a hand axe.
You are too injured to fight recklessly!
You are too injured to fight recklessly!
You are too injured to fight recklessly!
You hit the orc priest.
The orc priest is moderately wounded.
The orc priest closely misses you.
You sock the orc priest!
The orc priest is severely wounded.
The orc priest closely misses you.
You hit the orc priest but do no damage.
The orc priest is severely wounded.
The orc priest invokes the aid of Beogh against you.
Beogh smites you!
* * * LOW HITPOINT WARNING * * *
The orc priest calls down the wrath of Beogh upon you.
Beogh smites you!
You die...

.....>.##.####...#########
..........................
.......##.####...#.)......
...#....................... ###
..###.......................##...
.# ##.#.)...................<.# .
#.###...........o.........)# #..
####.#..o#.#............. .#
#.#..@#.##.#.#...o..## #.#...#.#
.#........# #...#.# ###.....o#
#..[... #...o... #####.##
....o..o ... ... ... .....


You could see an orc priest.

Vanquished Creatures
  5 adders
  An ooze (D:2)
  2 worms (D:2)
  A dart slug (D:1)
  3 bats
  2 giant cockroaches
  5 goblins
  6 hobgoblins
  16 jackals
  12 kobolds
  A ball python (D:2)
  2 frilled lizards
  6 rats
62 creatures vanquished.

Notes
Turn   | Place    | Note
-------+----------+-------------------------------------------
     0 | D:1      | Mgcat the Gargoyle Monk began the quest for the Orb.
     0 | D:1      | Reached XP level 1. HP: 14/14 MP: 1/1
    65 | D:1      | Reached XP level 2. HP: 13/19 MP: 2/2
   232 | D:1      | Reached XP level 3. HP: 15/24 MP: 3/3
   234 | D:1      | Reached skill level 4 in Fighting
   821 | D:2      | Reached skill level 4 in Maces & Flails
   821 | D:2      | Reached XP level 4. HP: 27/30 MP: 4/4
  1558 | D:3      | Found a radiant altar of Vehumet.
  1576 | D:3      | Reached XP level 5. HP: 27/34 MP: 5/5
  1597 | D:3      | Became a worshipper of Vehumet
  1597 | D:3      | Reached * piety under Vehumet
  1597 | D:3      | Offered knowledge of Freeze by Vehumet.
  1597 | D:3      | Reached ** piety under Vehumet
  1600 | D:3      | Learned a level 1 spell: Freeze
  1625 | D:3      | Killed from afar by an orc priest

Skill      XL: |  1  2  3 |
---------------+----------+-----
Fighting       | 4 |  4.9
Maces & Flails | 4 |  4.4
Dodging        | |  2.4
Stealth        | |  2.1

Action                   |  1- 3 |  4- 6 || total
-------------------------+-------+-------++-------
Melee: Mace              |   110 |    85 ||   195
 Stab: Sleeping          |     2 |     1 ||     3
  Eat: Chunk             |       |     2 ||     2
Armor: Robe              |    26 |       ||    26
       Ring mail         |    24 |    34 ||    58
Dodge: Dodged            |    87 |    44 ||   131

Vault maps used:
D:1:      dpeg_arrival_orchard
D:2:      first_ration, kennysheep_big_empty_room, minivault_19
D:3:      overflow_temple_1_default, nicolae_overflow_crystal_walls,
          uniq_terence, uniq_robin

Table legend:
 A = Turns spent in this place as a percentage of turns spent in the entire game.
 B = Non-inter-level travel turns spent in this place as a percentage of non-inter-level travel turns spent in the entire game.
 C = Inter-level travel turns spent in this place as a percentage of turns spent in this place.
 D = Turns resting spent in this place as a percentage of non-inter-level travel turns spent in this place.
 E = Turns spent auto-exploring this place as a percentage of non-inter-level travel turns spent in this place.
 F = Non-inter-level travel turns spent in this place divided by the number of levels of this place that you've seen.
                   A       B       C       D       E      F
               +-------+-------+-------+-------+-------+----------------------
         Total | 100.0 | 100.0 |   5.5 |   0.0 |  73.9 | 511.7
       Dungeon | 100.0 | 100.0 |   5.5 |   0.0 |  73.9 | 511.7
               +-------+-------+-------+-------+-------+----------------------

Table legend:
 A = Kills in this place as a percentage of kills in entire the game.
 B = Kills by you in this place as a percentage of kills by you in the entire game.
 C = Kills by friends in this place as a percentage of kills by friends in the entire game.
 D = Other kills in this place as a percentage of other kills in the entire game.
 E = Experience gained in this place as a percentage of experience gained in the entire game.
 F = Experience gained in this place divided by the number of levels of this place that you have seen.
                   A       B       C       D       E      F
               +-------+-------+-------+-------+-------+----------------------
         Total | 100.0 | 100.0 |   N/A |   N/A | 100.0 |  58.7
       Dungeon | 100.0 | 100.0 |   N/A |   N/A | 100.0 |  58.7
               +-------+-------+-------+-------+-------+----------------------
